 Dungeon Crawl Stone Soup version 0.32-a0-928-g1cae6b7ea0 (webtiles) character file.

Game seed: 4833466265474523805

32067 jasper the Severer (level 13, -11/178 HPs)
             Began as a Minotaur Berserker on Apr 12, 2024.
             Was a High Priest of Trog.
             Mangled by Rupert
             ... wielding a +1 executioner's axe of electrocution
              (29 damage)
             ... on level 3 of the Lair of Beasts.
             The game lasted 00:26:57 (13034 turns).

jasper the Severer (Minotaur Berserker)            Turns: 13034, Time: 00:26:58

Health: -11/178    AC: 20    Str: 22    XL:     13   Next: 29%
Magic:  12/12      EV:  6    Int: 11    God:    Trog [*****.]
Gold:   556        SH: 14    Dex: 12    Spells: 12/12 levels left

rFire   + + +        q - +1 broad axe (flame)
rCold   + + .        X - +3 kite shield
rNeg    . . .        U - +0 plate armour
rPois   .            (helmet restricted)
rElec   +            E - +0 cloak
rCorr   .            I - +0 pair of gloves
SInv    +            V - +0 pair of boots of the Lion {rElec rC+ Int+4}
Will    ++++.        W - amulet "Capuc" {Acrobat rF++ Will++ Dex-3} Stlth
                     O - ring of the Enemy {rF+ Int+3 SInv}
HPRegen 1.49/turn    Y - ring of protection from cold
MPRegen 0.13/turn

%: acrobat
@: berserking, strong-willed, regenerating, very quick
A: horns 2, retaliatory headbutt
a: Renounce Religion, Berserk, Trog's Hand, Brothers in Arms


You were on level 3 of the Lair of Beasts.
You worshipped Trog.
Trog was extremely pleased with you.
You visited 2 branches of the dungeon, and saw 15 of its levels.
You also visited: Ossuary and Gauntlet.

You collected 849 gold pieces.
You spent 293 gold pieces at shops.

Inventory:

Hand Weapons
 q - a +1 broad axe of flaming (weapon)
 D - the +7 hand axe of Newt's Death {antimagic, rN++}
   (Trog gifted it to you on level 1 of the Lair of Beasts)

   rN++:      It greatly protects you from negative energy.
Missiles
 f - a boomerang (quivered)
 j - a curare-tipped dart
 G - 7 javelins
 K - a throwing net
Armour
 E - a +0 cloak (worn)
 I - a +0 pair of gloves (worn)
 U - a +0 plate armour (worn)
 V - the +0 pair of boots of the Lion (worn) {rElec rC+ Int+4}
   (You found it in a Gauntlet)

   Int+4:     It affects your intelligence (+4).
   rC+:       It protects you from cold.
   rElec:     It insulates you from electricity.
 X - a +3 kite shield (worn)
Jewellery
 a - a +6 ring of intelligence
 m - an amulet of the acrobat
 o - an amulet of faith
 O - the ring of the Enemy (left hand) {rF+ Int+3 SInv}
   (You found it in a Gauntlet)

   [ring of protection from fire]

   Int+3:     It affects your intelligence (+3).
   rF+:       It protects you from fire.
   SInv:      It lets you see invisible.
 T - a ring of willpower
 W - the amulet "Capuc" (around neck) {Acrobat rF++ Will++ Dex-3}
   (You found it on level 10 of the Dungeon)

   [amulet of the acrobat]

   Acrobat:   It increases your evasion while moving and waiting.
   Dex-3:     It affects your dexterity (-3).
   rF++:      It greatly protects you from fire.
   Will++:    It greatly increases your willpower.
 Y - a ring of protection from cold (right hand)
Wands
 d - a wand of flame (21)
 x - a wand of paralysis (20)
 y - a wand of polymorph (3)
 J - a wand of digging (4)
 S - a wand of iceblast (9)
Scrolls
 b - a scroll of vulnerability
 k - 2 scrolls of blinking
 n - a scroll of enchant weapon
 t - 3 scrolls of summoning
 u - a scroll of poison
 v - 3 scrolls of revelation
 w - 5 scrolls of teleportation
 C - a scroll of fog
 F - a scroll of torment
 N - 2 scrolls of noise
Potions
 e - a potion of resistance
 g - 3 potions of ambrosia
 i - 3 potions of attraction
 l - 4 potions of cancellation
 p - 8 potions of curing
 r - 6 potions of might
 s - 5 potions of invisibility
 z - 3 potions of mutation
 A - a potion of magic
 B - 2 potions of heal wounds {unknown}
 H - a potion of enlightenment {unknown}
 L - 2 potions of degeneration {unknown}
 R - a potion of lignification
Miscellaneous
 c - a Gell's gravitambourine (2/2)
 h - a condenser vane (inert)
 Q - a phantom mirror
 Z - a lightning rod (4/4)


   Skills:
 + Level 12.6 Fighting
 - Level 18.0 Axes
 + Level 12.2 Armour
 - Level 2.1 Dodging
 + Level 11.9 Shields


You had 12 spell levels left.
You didn't know any spells.
Your spell library contained the following spells:

 Spells                   Type           Power      Damage    Failure   Level
 Hailstorm                Conj/Ice       0%         3d5       100%        3
 Summon Ice Beast         Ice/Summ       0%         N/A       100%        3
 Permafrost Eruption      Ice/Erth       0%         2x4d1     100%        6
 Sculpt Simulacrum        Ice/Alch       0%         N/A       100%        6


Dungeon Overview and Level Annotations

Branches:
Dungeon (11/15)            Temple (0/1) D:7            Lair (4/5) D:9
 Spider (0/4) Lair:2      Ossuary (visited)         Gauntlet (visited)
  Swamp: Lair:2-3    Shoals: Lair:2-3     Slime: Lair:4-5       Orc: D:9-12

Altars:
Elyvilon
Gozag
Hepliaklqana
Makhleb
Nemelex Xobeh
Ru
Yredelemnul
Beogh

Shops:
D:3 *   D:6 *   D:8 !

Annotations:
D:4 3 runed translucent doors, JeszeEnbee's ghost, amateur MfAl
D:10 3 runed translucent doors, champdelmundo's ghost, journeyman GnHs
Lair:2 2 transporters, jejorda2's ghost, journeyman GnBe
Lair:3 Rupert


Innate Abilities, Weirdness & Mutations

You have a pair of horns on your head.
You reflexively headbutt those who attack you in melee.


Message History

A white imp comes into view.
Rupert hits you with a +1 executioner's axe of electrocution!!!
You wake up.
Ouch! That really hurt!
Something shouts, "Scamper hence, thou mangled fly-bitten haggard!"
You take 59 damage, and have 49/119 hp.
MASSIVE DAMAGE!!
Blink to where?
Press: ? - help, Dir - move target
As you read the scroll of blinking, it crumbles to dust.
Rupert hits you with a +1 executioner's axe of electrocution!
You climb upwards.
The water moccasin hisses angrily.
There is a stone staircase leading down here.
You take 9 damage, and have 41/119 hp.
A red film seems to cover your vision as you go berserk!
You feel yourself moving faster!
You feel mighty!
Rupert hits you with a +1 executioner's axe of electrocution!
* * * LOW HITPOINT WARNING * * *
Rupert hits you with a +1 executioner's axe of electrocution!!
* * * LOW HITPOINT WARNING * * *
You hear an angry hiss.
You now have 14/178 hp.
You slice Rupert!! You burn Rupert. You headbutt Rupert.
Rupert is lightly wounded.
Rupert hits you but does no damage.
You hit Rupert. You burn Rupert. Your headbutt misses Rupert.
Rupert is lightly wounded.
Rupert barely misses you.
You barely miss Rupert. You headbutt Rupert!!
Rupert is moderately wounded.
You block Rupert's attack.
You completely miss Rupert.
Rupert is moderately wounded.
You barely miss the water moccasin. You block the water moccasin's attack.
You chop Rupert into pieces!!! You burn Rupert.
Rupert is heavily wounded.
You hit the water moccasin. You burn the water moccasin.
Rupert hits you with a +1 executioner's axe of electrocution!!
You die...
Rupert roars with triumph.

..... .....
###.###P#..
.....
..........
.....
..........
.....
.........
.....
.........
.....
#........
.....
#.@PP##..
.....
#@.P.....
#S.#.....
#..# ...
.... .
.....
##.###. ###
##


You could see Rupert (berserk) and a water moccasin.

Vanquished Creatures
  A hydra (Lair:4)
  A centaur warrior (D:11)
  2 two-headed ogres
  Nergalle (D:10)
  An orb spider (Lair:2)
  Pikel (D:5)
  An ugly thing (D:11)
  Maurice (D:7)
  11 elephants (Lair:2)
  A black mamba (Lair:1)
  11 cane toads
  A gargoyle (D:11)
  Maggie (Lair:2)
  An unseen horror (D:11)
  The ghost of lessens the Cudgeller, a novice FoAl of Trog (D:5)
  A kobold demonologist (D:9)
  4 komodo dragons
  A minotaur zombie (Gauntlet)
  3 trolls
  A wind drake (D:6)
  3 blink frogs (Lair:2)
  A dream sheep (Lair:4)
  6 shadows
  3 vampires (D:11)
  42 yaks
  A wraith (D:11)
  A wyvern (Lair:2)
  A basilisk (Lair:2)
  A redback (D:11)
  12 water moccasins
  A black bear (D:5)
  3 orc warriors
  A sky beast (D:6)
  An ice beast (D:7)
  5 centaurs
  10 wolves
  2 lemures (D:5)
  5 kobold brigands
  9 bullfrogs
  5 gnoll sergeants
  A burial acolyte (Ossuary)
  9 wights
  4 killer bees (D:8)
  4 howler monkeys
  A crimson imp (D:6)
  3 bombardier beetles
  5 hounds
  2 orc priests
  Crazy Yiuf (D:5)
  2 gnoll boudas
  3 jellies
  An iguana (D:6)
  Ijyb (D:5)
  A sleepcap (D:5)
  8 orc wizards
  6 hell rats (Lair:2)
  A mummy (Ossuary)
  20 gnolls
  7 adders
  3 shadow imps
  2 white imps
  2 ufetubi (D:7)
  2 ribbon worms (D:4)
  2 dart slugs
  21 orcs
  9 ball pythons
  7 endoplasms
  9 giant cockroaches
  4 goblins
  8 hobgoblins
  8 jackals
  19 kobolds
  3 quokkas
  4 bats
  4 frilled lizards
  7 gnoll skeletons (Ossuary)
  6 kobold skeletons (Ossuary)
  7 orc skeletons (Ossuary)
  24 rats
390 creatures vanquished.

Vanquished Creatures (collateral kills)
  A minotaur (Gauntlet)
  A moth of wrath (Gauntlet)
  A dream sheep (Lair:4)
  3 redbacks (Gauntlet)
6 creatures vanquished.

Grand Total: 396 creatures vanquished

Notes
Turn   | Place    | Note
-------+----------+-------------------------------------------
     0 | D:1      | jasper the Minotaur Berserker began the quest for the Orb.
     0 | D:1      | Reached XP level 1. HP: 19/19 MP: 0/0
    41 | D:1      | Reached skill level 4 in Axes
    67 | D:1      | Found a faded altar of an unknown god.
   198 | D:1      | Reached XP level 2. HP: 24/26 MP: 1/1
   325 | D:1      | Reached skill level 5 in Axes
   501 | D:1      | Reached ** piety under Trog
   646 | D:1      | Reached XP level 3. HP: 25/31 MP: 2/2
  1409 | D:3      | Found Fakhlys's General Store.
  1422 | D:3      | Bought 5 boomerangs for 110 gold pieces
  1607 | D:3      | Reached skill level 6 in Axes
  1607 | D:3      | Reached XP level 4. HP: 39/39 MP: 3/3
  1802 | D:3      | Reached *** piety under Trog
  2047 | D:4      | Reached skill level 7 in Axes
  2047 | D:4      | Reached XP level 5. HP: 45/45 MP: 4/4
  2071 | D:4      | Found an opulent altar of Gozag.
  2100 | D:4      | Found a runed translucent gate.
  2101 | D:4      | Found a runed translucent gate.
  2102 | D:4      | Found a runed translucent gate.
  2142 | D:4      | Identified the +5 plate armour of Jaikolon {Fly rF+ Slay+3}
  2142 | D:4      | Noticed an orc warrior
  2143 | D:4      | Noticed JeszeEnbee's ghost (amateur MfAl)
  2144 | D:4      | Identified the +6 sling of Darkness {elec, rN+ rCorr}
  2144 | D:4      | Identified the +6 chain mail "Ughef" {+Blink Int+3}
  2172 | D:4      | Found a white marble altar of Elyvilon.
  2377 | D:4      | Found a sand-covered staircase.
  2484 | D:4      | Found a roughly hewn altar of Beogh.
  2531 | Ossuary  | Entered an ossuary
  2538 | Ossuary  | Reached **** piety under Trog
  2612 | Ossuary  | Reached skill level 8 in Axes
  2710 | Ossuary  | Reached XP level 6. HP: 39/51 MP: 5/5
  2720 | Ossuary  | Reached skill level 9 in Axes
  2868 | D:5      | Entered Level 5 of the Dungeon
  2974 | D:5      | Noticed Ijyb
  2985 | D:5      | Killed Ijyb
  2986 | D:5      | Reached XP level 7. HP: 57/57 MP: 6/6
  3024 | D:5      | Found a runed translucent door.
  3025 | D:5      | Noticed Crazy Yiuf
  3137 | D:5      | Found a large runed translucent door.
  3137 | D:5      | Found a large runed translucent door.
  3139 | D:5      | Noticed lessens's ghost (novice FoAl)
  3356 | D:5      | Noticed Pikel
  3379 | D:5      | Killed Pikel
  3380 | D:5      | Reached skill level 11 in Axes
  3436 | D:5      | Reached XP level 8. HP: 57/64 MP: 7/7
  3673 | D:5      | Reached skill level 12 in Axes
  3695 | D:5      | Identified the +1 robe of Gozag's Regard {+Inv rC- Will+
                  | Str+4}
  3905 | D:5      | Killed lessens's ghost
  3987 | D:5      | Killed Crazy Yiuf
  4124 | D:6      | Noticed Jeremiah
  4145 | D:5      | Reached skill level 13 in Axes
  4163 | D:6      | Jeremiah changed into Jeremiah the wind drake
  4163 | D:6      | Noticed Jeremiah
  4179 | D:6      | Killed Jeremiah the wind drake
  4419 | D:6      | Reached skill level 14 in Axes
  4569 | D:6      | Reached XP level 9. HP: 57/70 MP: 8/8
  4952 | D:6      | Found Yshus's Assorted Antiques.
  4961 | D:6      | Reached skill level 15 in Axes
  4968 | D:6      | Bought a scroll labelled LAMUFA ECUCZY for 29 gold pieces
  5141 | D:6      | Found a burning altar of Makhleb.
  5314 | D:7      | Noticed Maurice
  5326 | D:7      | Something stole a +2 flail of protection
  5327 | D:7      | Paralysed by something for 2 turns
  5329 | D:7      | Something stole 172 gold
  5331 | D:7      | Something stole 3 boomerangs
  5334 | D:7      | Something stole an orb of mayhem
  5343 | D:7      | Killed Maurice
  5500 | D:7      | Found a staircase to the Ecumenical Temple.
  5514 | D:7      | Reached skill level 16 in Axes
  5537 | D:7      | Noticed a troll
  5555 | D:7      | Killed a troll
  5764 | D:7      | Reached ***** piety under Trog
  6104 | D:8      | Reached skill level 17 in Axes
  6107 | D:8      | Reached XP level 10. HP: 71/77 MP: 9/9
  6193 | D:8      | Found Anuusale's Distillery.
  6200 | D:8      | Bought a potion of lignification for 42 gold pieces
  6200 | D:8      | Bought 2 potions of might for 112 gold pieces
  7355 | D:9      | Reached skill level 18 in Axes
  7359 | D:9      | Reached skill level 1 in Shields
  7445 | D:9      | Found a staircase to the Lair.
  7664 | D:9      | Reached skill level 5 in Fighting
  7739 | D:9      | Found a basalt altar of Yredelemnul.
  7887 | D:9      | Reached skill level 5 in Armour
  8142 | D:10     | Entered Level 10 of the Dungeon
  8142 | D:10     | Noticed a two-headed ogre
  8151 | D:10     | Killed a two-headed ogre
  8165 | D:10     | Identified the amulet "Capuc" {Acrobat rF++ Will++ Dex-3}
  8188 | D:10     | Noticed Nergalle
  8202 | D:10     | Killed Nergalle
  8203 | D:10     | Reached skill level 5 in Shields
  8203 | D:10     | Reached XP level 11. HP: 91/91 MP: 10/10
  8456 | D:10     | Found a runed translucent gate.
  8456 | D:10     | Found a runed translucent gate.
  8457 | D:10     | Found a runed translucent gate.
  8458 | D:10     | Noticed champdelmundo's ghost (journeyman GnHs)
  8493 | D:10     | Found a sparkling altar of Nemelex Xobeh.
  8493 | D:10     | Found a sacrificial altar of Ru.
  8669 | D:10     | Found a hazy altar of Hepliaklqana.
  8858 | D:11     | Noticed a two-headed ogre
  8865 | D:11     | Killed a two-headed ogre
  9235 | D:11     | Noticed a green ugly thing
  9245 | D:11     | Killed a green ugly thing
  9401 | D:11     | Noticed a centaur warrior
  9422 | D:11     | Killed a centaur warrior
  9986 | Lair:1   | Entered Level 1 of the Lair of Beasts
 10284 | Lair:1   | Identified the +7 hand axe of Newt's Death {antimagic,
                  | rN++} (Trog gifted it to you on level 1 of the Lair of
                  | Beasts)
 10284 | Lair:1   | Received a gift from Trog
 10300 | Lair:1   | Reached XP level 12. HP: 102/105 MP: 11/11
 10577 | Lair:1   | Reached skill level 10 in Fighting
 11068 | Lair:2   | Reached skill level 10 in Armour
 11075 | Lair:2   | Noticed Maggie
 11083 | Lair:2   | Killed Maggie
 11095 | Lair:2   | Reached skill level 10 in Shields
 11141 | Lair:2   | Found a gate leading to a gauntlet.
 11158 | Gauntlet | Entered a Gauntlet
 11158 | Gauntlet | Found a transporter.
 11247 | Gauntlet | Found a transporter.
 11263 | Gauntlet | Found a transporter.
 11267 | Gauntlet | Found a transporter.
 11277 | Gauntlet | Found a transporter.
 11297 | Gauntlet | Found a transporter.
 11300 | Gauntlet | Found a transporter.
 11304 | Gauntlet | Found a transporter.
 11335 | Gauntlet | Found a transporter.
 11352 | Gauntlet | Found a transporter.
 11356 | Gauntlet | Found a transporter.
 11362 | Gauntlet | Noticed a quicksilver ooze
 11364 | Gauntlet | Found a transporter.
 11443 | Gauntlet | Identified the ring of the Enemy {rF+ Int+3 SInv}
 11468 | Gauntlet | Identified the +0 pair of boots of the Lion {rElec rC+
                  | Int+4}
 11496 | Gauntlet | Identified the +3 broad axe of Focus {drain, ^Fragile rF++
                  | Dex+5}
 11496 | Gauntlet | Noticed a minotaur
 11498 | Gauntlet | Killed a minotaur
 11775 | Lair:2   | Found a transporter.
 11781 | Lair:2   | Noticed an eight-headed hydra
 11787 | Lair:2   | Noticed jejorda2's ghost (journeyman GnBe)
 11807 | Lair:2   | Reached XP level 13. HP: 117/117 MP: 12/12
 11850 | Lair:2   | Identified the +3 flail "Cestrox" {heavy, rN+}
 12159 | Lair:2   | Found a transporter.
 12166 | Lair:2   | Found a hole to the Spider Nest.
 12770 | Lair:3   | Identified the +7 orcbow "Gidionli" {heavy, ^Fragile Int-5
                  | Dex+6}
 12811 | Lair:3   | Received a gift from Trog
 12959 | Lair:3   | You fall into a shaft and drop 1 floor!
 13013 | Lair:4   | Noticed Rupert
 13034 | Lair:3   | Mangled by Rupert

Illustrated notes

Levels and vault maps discovered:
D:1:      dpeg_arrival_prison, layout_basic,
          shapermc_ecumenical_altar_mp_highgroup
D:2:      layout_rooms
D:3:      layout_basic, serial_shops, shop, chequers_serial_rivers_marsh,
          st_stairs_11, minmay_rat_hole
D:4:      layout_rooms, mainiacjoe_overflow_catch_the_wave,
          biasface_ghost_orc_armoury, mainiacjoe_ossuary_entry_dusty_tomb
D:5:      nicolae_BIG_FREAKIN_CUBE, layout_cave_pods,
          ebering_ghost_disaster_area, minmay_misc_feat_iff,
          uniq_crazy_yiuf_cottage, uniq_pikel, uniq_ijyb
D:6:      layout_cave_pools, makhleb_grotto_becter, serial_shops, shop_statue,
          serial_gnoll_camp, gnoll_camp_mini_sergeant, gnoll_camp_mini_basic,
          gnoll_camp_mini_house, gnoll_camp_mini_hut, uniq_jeremiah
D:7:      layout_rooms, minmay_temple_entry_butterflies, uniq_maurice
D:8:      layout_loops_ring, serial_shops, shop
D:9:      layout_loops_cross, yredelemnul_altar_generic
D:10:     layout_cave_pools, mainiacjoe_overflow_cross_hatched,
          nicolae_overflow_two_pavilions, gammafunk_ghost_spectres,
          uniq_nergalle
D:11:     layout_cave_pools, minivault_25_ag, amcnicky_mini_pool_small
Lair:1:   layout_cellular_growth, beast_lair_carwin_5
Lair:2:   layout_roguey, nicolae_spider_entry_orb_guardian,
          gauntlet_entry_generic, gammafunk_ghost_arena,
          nicolae_lair_grazing_beasts [nicolae_sub_lair_graze_edge,
          nicolae_sub_lair_graze_edge, nicolae_sub_lair_graze_edge,
          nicolae_sub_lair_graze_edge], uniq_maggie
Lair:3:   layout_chaotic_city, mainiacjoe_swamp_entry_lozenge_pond
Lair:4:   layout_big_grid, portal_ice_cave_entry_imps, uniq_rupert

Skill      XL: |  1  2  3  4  5  6  7  8  9 10 11 12 13 |
---------------+----------------------------------------+-----
Axes           | 4 5 6 7 8 9 11 14 17 18 | 18.0
Shields        | 5 8 11 | 11.9
Fighting       | 6 9 11 12 | 12.6
Armour         | 5 9 11 12 | 12.2
Dodging        | |  2.1

Action                     |  1- 3 |  4- 6 |  7- 9 | 10-12 | 13-15 || total
---------------------------+-------+-------+-------+-------+-------++-------
  Melee: Hand axe          |    87 |    21 |       |       |       ||   108
         Headbutt          |    21 |    14 |    47 |   116 |    24 ||   222
         Broad axe         |       |   104 |   199 |   448 |    94 ||   845
         Battleaxe         |       |       |       |     3 |       ||     3
  Throw: Stone             |     1 |       |       |       |       ||     1
         Boomerang         |     6 |    12 |    25 |    17 |     2 ||    62
         Dart              |       |       |       |     3 |       ||     3
 Invoke: Trog's Hand       |       |     1 |     2 |     4 |     1 ||     8
         Berserk           |       |     1 |     6 |     4 |     1 ||    12
         Brothers in Arms  |       |       |       |     1 |     1 ||     2
  Evoke: Wand              |       |       |     2 |     1 |     8 ||    11
         Condenser vane    |       |       |       |       |     1 ||     1
    Use: Scroll            |     5 |     2 |     8 |     8 |     5 ||    28
         Potion            |       |       |       |     1 |       ||     1
 Armour: Scale mail        |    55 |       |       |       |       ||    55
         Ring mail         |     2 |    84 |   169 |    64 |       ||   319
         Skin              |       |     1 |       |       |       ||     1
         Plate armour      |       |       |       |   217 |    57 ||   274
  Dodge: Dodged            |    39 |    65 |   106 |   109 |    16 ||   335
  Block: Kite shield       |       |       |       |   257 |    69 ||   326

Table legend: (Time is in decaauts)
 A = Elapsed time spent in this place.
 B = Non-inter-level travel time spent in this place.
 C = Inter-level travel time spent in this place.
 D = Time resting spent in this place.
 E = Time spent auto-exploring this place.
 F = Levels seen in this place.
 G = Mean time per level.
                   A        B        C        D        E       F      G
               +--------+--------+--------+--------+--------+-----+--------+
         Total |  13035 |  12399 |    636 |    867 |   8910 |  17 |  766.8 |
       Dungeon |   9800 |   9279 |    521 |    839 |   6659 |  11 |  890.9 |
          Lair |   2596 |   2481 |    115 |     28 |   1918 |   4 |  649.0 |
       Ossuary |    251 |    251 |      0 |      0 |    103 |   1 |  251.0 |
      Gauntlet |    387 |    387 |      0 |      0 |    229 |   1 |  387.0 |
               +--------+--------+--------+--------+--------+-----+--------+

Top non-repeatable levels by time:
     D:5: 1309 daAuts
     D:8: 1249 daAuts
  Lair:2: 1234 daAuts
     D:6: 1174 daAuts
    D:11: 1088 daAuts
  Lair:1: 1010 daAuts
     D:9: 869 daAuts
     D:1: 849 daAuts
     D:7: 764 daAuts
    D:10: 687 daAuts
     D:3: 628 daAuts
     D:4: 615 daAuts
     D:2: 563 daAuts
Gauntlet: 387 daAuts
  Lair:3: 284 daAuts
